 Dungeon Crawl Stone Soup version 0.15-a0-1293-g4a08026 (webtiles) character file.

471 MrArtemy the Skirmisher (level 7, 0/46 HPs)
             Began as a Gargoyle Berserker on June 6, 2014.
             Was a Priest of Trog.
             Killed from afar by an orc wizard (3 damage)
             ... with a puff of flame
             ... on Level 4 of the Dungeon.
             The game lasted 00:20:59 (3342 turns).

MrArtemy the Skirmisher (Gargoyle Berserker)        Turns: 3342, Time: 00:20:59

HP   0/46        AC 16     Str 23      XL: 7   Next:  9%
MP   7/7         EV  6     Int  7      God: Trog [***...]
Gold 114         SH  0     Dex  9      Spells:  0 memorised,  6 levels left

rFire  . . .     SeeInvis .     a - +0 hand axe
rCold  . . .     Clarity  .     g - +0 plate armour
rNeg   + . .     rCorr    .     (no shield)
rPois  +         rRot     +     (no helmet)
rElec  +         Spirit   .     (no cloak)
SustAb .         Warding  .     (no gloves)
rMut   .         Stasis   .     b - +0 pair of boots
Gourm  .                        (no amulet)
MR     .....                    (no ring)
                                (no ring)

@: not resistant to hostile enchantments, extremely unstealthy
A: life protection 1, electricity resistance, unbreathing, petrification
resistance, rot immunity, AC +4
a: Burn Spellbooks, Berserk, Trog's Hand, Renounce Religion


You were on level 4 of the Dungeon.
You worshipped Trog.
Trog was most pleased with you.
You were not hungry.

You visited 1 branch of the dungeon, and saw 4 of its levels.

You collected 114 gold pieces.

Inventory:

Hand weapons
 a - a +0,+0 hand axe (weapon)
Armour
 b - a +0 pair of boots (worn)
 g - a +0 plate armour (worn)
Magical devices
 t - a wand of paralysis (7) {unknown}
Comestibles
 c - 3 bread rations
 v - 2 chunks of orc flesh
 w - 2 beef jerkies
Scrolls
 d - 2 scrolls of remove curse {unknown}
 h - 3 scrolls of fear {unknown}
 i - 3 scrolls of identify {unknown}
 l - a scroll of enchant armour {unknown}
 n - 3 scrolls of blinking {unknown}
 o - 5 scrolls of teleportation {unknown}
 p - a scroll of fog {unknown}
 q - a scroll of random uselessness {unknown}
 u - a scroll of amnesia {unknown}
Potions
 e - 2 potions of agility {unknown}
 f - 4 potions of curing {unknown}
 j - a potion of might {unknown}
 k - 2 potions of magic {unknown}
 m - a potion of brilliance {unknown}
 r - a potion of paralysis {unknown}
 s - a potion of haste {unknown}


   Skills:
 + Level 6.0 Fighting
 + Level 5.6 Axes
 - Level 2.1 Armour
 - Level 1.5 Dodging


You had 6 spell levels left.
You didn't know any spells.

Dungeon Overview and Level Annotations

Branches:
Dungeon (4/15)
 Temple: D:4-7

Altars:
Ashenzari
Okawaru

Shops:
D:4 *


Innate Abilities, Weirdness & Mutations

You are resistant to torment.
You are immune to poison.
Your stone body is very resilient (AC +4).
You resist negative energy.
You are resistant to electric shocks.
You can survive without breathing.
You are immune to petrification.
You are immune to rotting.


Message History

You are confused.
There is an entrance to Siarghaa's Serpentskin Sales here.
Something hits you but does no damage.
You hear some strange, mumbled words.
The puff of flame hits you!
There is an entrance to Siarghaa's Serpentskin Sales here.
You hear some strange, mumbled words.
The magic dart hits you!
* * * LOW HITPOINT WARNING * * *
Ouch! You feel less confused.
You hear some strange, mumbled words.
Something tries to affect you, but you resist.
You closely miss something. Something hits you but does no damage.
Use which ability? (? or * to list) You're too exhausted to go berserk.
You feel less exhausted.
You hear some strange, mumbled words.
The puff of flame hits you!
You die...

#.###......###
#..........#
#####......#
#......#
###.#..#
##'##....
#...#......
#.∩.####.##
#.@.# .#
##%##### #
#.....#.#
#######.###.#.#
#.......# ...
#.#####.###.# .
# #.....# #.
#.#######.###
#. #......##.#


There were no monsters in sight!

Vanquished Creatures
  2 water moccasins (D:4)
  A scorpion (D:4)
  An orc priest (D:4)
  An orc wizard (D:3)
  Terence (D:3)
  9 adders
  A shadow imp (D:4)
  A worm (D:3)
  2 giant geckos
  2 oozes
  4 orcs (D:3)
  5 hobgoblins
  2 jackals (D:1)
  5 kobolds
  2 quokkas
  2 ball pythons
  5 bats
  4 giant cockroaches
  4 giant newts
  5 goblins
  9 rats
68 creatures vanquished.

Notes
Turn   | Place    | Note
--------------------------------------------------------------
     0 | D:1      | MrArtemy, the Gargoyle Berserker, began the quest for the Orb.
     0 | D:1      | Reached XP level 1. HP: 14/14 MP: 1/1
   770 | D:1      | Reached XP level 2. HP: 18/20 MP: 2/2
  1427 | D:2      | Reached skill level 4 in Fighting
  1427 | D:2      | Reached XP level 3. HP: 24/24 MP: 3/3
  1429 | D:2      | Acquired Trog's second power
  1517 | D:2      | Found a shattered altar of Ashenzari.
  1720 | D:2      | Reached XP level 4. HP: 28/30 MP: 4/4
  2117 | D:3      | Noticed Terence
  2124 | D:3      | Killed Terence
  2243 | D:3      | Reached XP level 5. HP: 31/34 MP: 5/5
  2489 | D:3      | HP: 1/51 [orc wizard/magic dart (6)]
  2806 | D:3      | Reached skill level 5 in Fighting
  2859 | D:4      | Found an iron altar of Okawaru.
  2953 | D:4      | Reached XP level 6. HP: 37/40 MP: 6/6
  3104 | D:4      | Found Siarghaa's Serpentskin Sales.
  3104 | D:4      | Noticed a water moccasin
  3104 | D:4      | Noticed a water moccasin
  3124 | D:4      | Killed a water moccasin
  3124 | D:4      | Reached skill level 5 in Axes
  3130 | D:4      | Killed a water moccasin
  3133 | D:4      | Reached XP level 7. HP: 40/45 MP: 7/7
  3234 | D:4      | Reached skill level 6 in Fighting
  3337 | D:4      | HP: 2/46 [something/magic dart (6)]
  3342 | D:4      | Killed from afar by an orc wizard

Action                   |  1- 3 |  4- 6 |  7- 9 || total
-------------------------+-------+-------+-------++-------
Melee: Hand axe          |   120 |   215 |    15 ||   350
Invok: Berserk           |       |     3 |     1 ||     4
